 Dungeon Crawl Stone Soup version 0.26-a0-771-g060e6a62af (webtiles) character file.

Game seed: 17689010045656656034

27 marklar909 the Ruffian (level 2, -1/23 HPs)
             Began as a Draconian Transmuter on Nov 9, 2020.
             Slain by a bullfrog (6 damage)
             ... on level 2 of the Dungeon.
             The game lasted 00:01:10 (1306 turns).

marklar909 the Ruffian (Draconian Transmuter)       Turns: 1306, Time: 00:01:10

Health: -1/23      AC:  4    Str: 12    XL:     2   Next: 93%
Magic:  3/5        EV: 12    Int: 13    God:
Gold:   111        SH:  0    Dex: 11    Spells: 2/5 levels left

rFire    . . .     SeeInvis .     - Unarmed
rCold    . . .     Faith    .   (no shield)
rNeg     . . .     Spirit   .   (armour unavailable)
rPois    .         Reflect  .   (helmet restricted)
rElec    .         Harm     .   (no cloak)
rCorr    .         Rampage  .   (no gloves)
MR       .....                  (no boots)
Stlth    +.........             (no amulet)
HPRegen  0.07/turn              (no ring)
MPRegen  0.09/turn              (no ring)

@: about to teleport, wereblooded
A: unfitting armour, cold-blooded, AC +4
a: no special abilities


You were on level 2 of the Dungeon.
You visited 1 branch of the dungeon, and saw 2 of its levels.

You collected 111 gold pieces.

Inventory:

Missiles
 d - 12 poisoned darts (quivered)
Scrolls
 a - a scroll of amnesia {unknown}
 c - a scroll of identify {unknown}
 f - a scroll of remove curse
 g - a scroll of teleportation
Potions
 b - a potion of might {unknown}
 e - a potion of mutation {unknown}


   Skills:
 + Level 1.2 Fighting
 + Level 1.9 Dodging
 + Level 3.5 Unarmed Combat
 + Level 2.4 Spellcasting
 + Level 2.1 Transmutations


You had 2 spell levels left.
You knew the following spells:

 Your Spells              Type           Power        Failure   Level
a - Beastly Appendage     Tmut           #.....       10%         1
b - Wereblood             Tmut           #.......     16%         2

Your spell library contained the following spells:

 Spells                   Type           Power        Failure   Level
 Spider Form              Tmut/Pois      #.........   43%         3
 Ice Form                 Ice/Tmut       #.......     83%         4
 Blade Hands              Tmut           #.........   95%         5


Dungeon Overview and Level Annotations

Branches:
Dungeon (2/15)

Altars:


Innate Abilities, Weirdness & Mutations

Your plain brown scales are hard. (AC +4)
You cannot fit into any form of body armour.
You are cold-blooded and may be slowed by cold attacks.


Message History

As you read the scroll labeled TUJEPU GITI, it crumbles to dust.
You feel strangely unstable.
It was a scroll of teleportation.
The bullfrog barely misses you. The bullfrog barely misses you.
Your surroundings seem slightly different.
Fire/throw which item? (* to show all) (? for menu, Esc to quit)
Okay, then.
Throwing (i - inventory)
d - 13 poisoned darts (quivered)
Press: ? - help, Shift-Dir - straight line, f - bullfrog
Aim: a bullfrog (lightly wounded)
You throw a poisoned dart. The poisoned dart hits the bullfrog.
The bullfrog is poisoned.
The bullfrog is lightly wounded.
Unknown command.
As you read the scroll of teleportation, it crumbles to dust.
You feel strangely unstable.
Your horns disappear.
Your talons disappear.
The bullfrog hits you but does no damage.
The bat hits you but does no damage. The bullfrog hits you.
You die...

#..# #... #.## #.## .#
#.## #....# #.## ....#
#.## ######....# #.##
#b@.......# #.##
.......F#######.# #.##
...#####.# ###.######.##
... #.# #.........(##
.....###(#####.#..........
.......$.......###########
.....###.####### ... #.# .
#.#


You could see a bullfrog (poisoned) and a bat.

Vanquished Creatures
  2 dart slugs
  3 bats
  3 giant cockroaches
  2 goblins
  3 hobgoblins (D:1)
  A quokka (D:2)
  5 kobolds
  3 rats
22 creatures vanquished.

Notes
Turn   | Place    | Note
-------+----------+-------------------------------------------
     0 | D:1      | marklar909 the Draconian Transmuter began the quest for the
                  | Orb.
     0 | D:1      | Reached XP level 1. HP: 16/16 MP: 3/3
   283 | D:1      | Reached XP level 2. HP: 23/23 MP: 3/5
  1129 | D:2      | Learned a level 2 spell: Wereblood
  1294 | D:2      | Noticed a bullfrog
  1306 | D:2      | Slain by a bullfrog

Illustrated notes

Levels and vault maps discovered:
D:1:      sevenhm_arrival_forest_fort_small_4, layout_basic,
          chequers_serial_rivers_micro_e, minmay_close_crescents
D:2:      layout_loops_ring, uniq_jessica

Action                   || total
-------------------------++-------
Melee: Unarmed           ||    60
       Kick              ||     6
       Headbutt          ||     5
       Tailslap          ||     4
Throw: Dart              ||     4
 Cast: Beastly Appendage ||    15
       Wereblood         ||     1
  Use: Scroll            ||     3
Armor: Skin              ||    16
Dodge: Dodged            ||    41

Table legend: (Time is in decaauts)
 A = Elapsed time spent in this place.
 B = Non-inter-level travel time spent in this place.
 C = Inter-level travel time spent in this place.
 D = Time resting spent in this place.
 E = Time spent auto-exploring this place.
 F = Levels seen in this place.
 G = Mean time per level.
                   A        B        C        D        E       F      G
               +--------+--------+--------+--------+--------+-----+--------+
         Total |   1305 |   1293 |     12 |      0 |   1135 |   2 |  652.5 |
       Dungeon |   1305 |   1293 |     12 |      0 |   1135 |   2 |  652.5 |
               +--------+--------+--------+--------+--------+-----+--------+

Top non-repeatable levels by time:
     D:1: 1038 daAuts
     D:2: 267 daAuts
